 Dungeon Crawl Stone Soup version 0.31.0-11-ge490571c62 (webtiles) character file.

Game seed: 3795977736577079706

56 Esekla the Grave Robber (level 3, -1/23 HPs)
             Began as an Octopode Necromancer on Feb 2, 2024.
             Was an Initiate of Gozag.
             Succumbed to an adder's poison
             ... on level 2 of the Dungeon.
             The game lasted 00:06:14 (1294 turns).

Esekla the Grave Robber (Octopode Necromancer)      Turns: 1294, Time: 00:06:15

Health: -1/23      AC:  1    Str:  7    XL:     3   Next: 97%
Magic:  6/6        EV: 13    Int: 19    God:    Gozag
Gold:   151        SH:  0    Dex: 12    Spells: 2/6 levels left

rFire   . . .        a - +0 falchion (holy)
rCold   . . .        (no shield)
rNeg    . . .        (helmet restricted)
rPois   .            (no amulet)
rElec   .            (no ring)
rCorr   .            (no ring)
SInv    .            (no ring)
Will    .....        (no ring)
Stlth   +++          (no ring)
HPRegen 0.23/turn    (no ring)
MPRegen 0.10/turn    (no ring)
                     (no ring)

%: no passive effects
@: lethally poisoned (-1 -> -5)
A: almost no armour, amphibious, 8 rings, camouflage 1, gelatinous body 1,
(nimble swimmer 1), tentacles
a: Renounce Religion, Potion Petition, Call Merchant, Bribe Branch


You were on level 2 of the Dungeon.
You worshipped Gozag.
Gozag was aware of your devotion.
You visited 1 branch of the dungeon, and saw 2 of its levels.

You collected 172 gold pieces.
You paid 21 gold pieces to Gozag.

Inventory:

Hand Weapons
 a - a +0 falchion of holy wrath (weapon)
 s - a +0 dagger
Missiles
 b - 2 poisoned darts (quivered)
Scrolls
 c - 3 scrolls of fear {unknown}
 d - a scroll of teleportation {unknown}
 e - 2 scrolls of identify {unknown}
 f - a scroll of amnesia {unknown}
Potions
 g - a potion of haste {unknown}
 h - a potion of magic


   Skills:
 * Level 1.1 Fighting
 + Level 0.5 Short Blades
 + Level 2.2 Dodging
 + Level 3.4 Stealth
 * Level 2.2 Spellcasting
 * Level 4.6 Necromancy
 * Level 0.3 Ice Magic


You had 2 spell levels left.
You knew the following spells:

 Your Spells              Type           Power      Damage    Failure   Level
a - Necrotise             Necr           76%        1d7       2%          1
d - Vampiric Draining     Necr           19%        2d7       8%          3

Your spell library contained the following spells:

 Spells                   Type           Power      Damage    Failure   Level
 Freeze                   Ice            12%        1d3       14%         1
 Frozen Ramparts          Ice            6%         1d1       41%         3
 Hailstorm                Conj/Ice       2%         3d5       43%         3
 Curse of Agony           Necr           19%        N/A       56%         5
 Animate Dead             Necr           Unusable   N/A       N/A         4

Dungeon Overview and Level Annotations

Branches:
Dungeon (2/15)

Altars:
Gozag


Innate Abilities, Weirdness & Mutations

You cannot wear most types of armour.
You are amphibious.
You can wear up to eight rings at the same time.
Your skin changes colour to match your surroundings (Stealth+).
Your rubbery body absorbs attacks. (AC +1, EV +1)
((You are camouflaged when in or above water. (Stealth+)))
You have tentacles for arms and can constrict up to eight enemies at once.


Message History

You now have 128 gold pieces (gained 14).
You now have 134 gold pieces (gained 6).
You now have 143 gold pieces (gained 9).
You now have 151 gold pieces (gained 8).
You start resting.
HP restored.
Found a pair of glowing boots.
Found a stone staircase leading down.
You see here a +1 pair of boots.
The orc priest shouts!
The adder hisses angrily.
The orc priest mumbles some strange prayers to Beogh against you.
You barely resist.
Your +0 falchion of holy wrath softly glows with a divine radiance!
a - a +0 falchion of holy wrath (weapon)
Okay, then.
The adder attacks as it pursues you! The adder barely misses you.
The orc priest attacks as it pursues you!
The orc priest hits you with a +0 hand axe.
The adder attacks as it pursues you! The adder bites you.
The adder attacks as it pursues you! The adder bites you.
You are poisoned.
The adder poisons you! The adder barely misses you.
You feel sick.
You feel sick. The adder attacks as it pursues you!
The adder barely misses you.
You feel sick.
You feel sick. The adder misses you.
You feel sick.
You feel sick.
You feel sick.
You are no longer poisoned.
The adder attacks as it pursues you! The adder bites you.
* * * LOW HITPOINT WARNING * * *
The adder bites you.
* * * LOW HITPOINT WARNING * * *
You are lethally poisoned!
The adder poisons you!
You die...
Your body crumbles into a pile of gold.

......#.#.##..###..###..#
......#.#.##...######...#
#...............# #....#
#..####.#.##....# #....#
#..# #.#.##...######...#
........#.....###..###..##
......######.###....###..#
...... #.##......##..#
....(. #.oS.@^.......#
...... ##.####.......#
...... #.###..#######
...... ##.##..## ###
##...#.## #...#..# #.#.###
##### #..##
....########.##


You could see an orc priest and an adder.

Vanquished Creatures
  An adder (D:2)
  3 orcs (D:2)
  4 ball pythons
  5 bats
  2 endoplasms (D:1)
  A giant cockroach (D:1)
  2 hobgoblins (D:1)
  6 jackals
  2 quokkas
  5 frilled lizards
  4 kobolds
  6 rats
41 creatures vanquished.

Notes
Turn   | Place    | Note
-------+----------+-------------------------------------------
     0 | D:1      | Esekla the Octopode Necromancer began the quest for the
                  | Orb.
     0 | D:1      | Reached XP level 1. HP: 11/11 MP: 3/3
   290 | D:1      | Reached XP level 2. HP: 16/17 MP: 5/5
   329 | D:1      | Found a faded altar of an unknown god.
   484 | D:2      | Reached XP level 3. HP: 20/22 MP: 6/6
   488 | D:2      | Learned a level 3 spell: Vampiric Draining
   594 | D:2      | Found an opulent altar of Gozag.
   599 | D:2      | Became a worshipper of Gozag Ym Sagoz the Greedy
   900 | D:2      | Reached skill level 1 in Fighting
  1293 | D:2      | HP: 1/23 [adder (4)]
  1294 | D:2      | Succumbed to an adder's poison

Illustrated notes

Levels and vault maps discovered:
D:1:      dpeg_arrival_simpleton_c, layout_loops_cross,
          ebering_ecumenical_altar_mist, hangedman_decor_slide_cut,
          minmay_tromino_v7
D:2:      layout_loops_cross, basic_altar, minivault_19, grunt_ministairs_10,
          corexii_hall_statues_s

Skill      XL: |  1  2  3 |
---------------+----------+-----
Stealth        | 3 |  3.4
Fighting       | 1 |  1.1
Short Blades   | |  0.5
Dodging        | |  2.2
Spellcasting   | |  2.2
Necromancy     | |  4.6
Ice Magic      | |  0.3

Action                     || total
---------------------------++-------
  Melee: Unarmed           ||    44
         Constrict         ||    29
         Tentacles         ||    18
         Short sword       ||    47
         Dagger            ||    17
         Punch             ||     1
   Stab: Sleeping          ||    11
 Armour: Skin              ||    59
  Dodge: Dodged            ||    78
